 Dungeon Crawl Stone Soup version 0.19.0-16-g73b5abf (webtiles) character file.

891 dracos369 the Frost Mage (level 7, -6/25 HPs)
             Began as a Felid Ice Elementalist on Nov 10, 2016.
             Mangled by an orc warrior
             ... wielding a +0 glaive
              (18 damage)
             ... on level 8 of the Dungeon.
             The game lasted 01:02:55 (8321 turns).

dracos369 the Frost Mage (Felid Ice Elementalist)   Turns: 8321, Time: 01:02:56

Health: -6/25      AC:  2    Str:  6    XL:     7   Next: 77%
Magic:  8/15       EV: 21    Int: 19    God:
Gold:   590        SH:  0    Dex: 16    Spells: 6 memorised, 0 levels left
                                        Lives:  0   Deaths: 2

rFire  x . .     SeeInvis +     (weapon unavailable)
rCold  + . .     Gourm    .     (armour unavailable)
rNeg   . . .     Faith    .     (shield unavailable)
rPois  .         Spirit   .     (helmet unavailable)
rElec  .         Reflect  .     (cloak unavailable)
rCorr  .         Harm     .     (gloves unavailable)
MR     +....     Rnd*Rage +     (boots unavailable)
Stlth  +++.......               m - amulet of magic regeneration
                                C - ring of ice
                                r - +2 ring of evasion

@: quick
A: no armour, no weapons or thrown items, stealth, claws 1, fangs 3, see
invisible, berserk 1, carnivore 3, speed 1, frail 1, shaggy fur 2, slow
metabolism 1, strong 1, sharp paws
a: no special abilities


You were on level 8 of the Dungeon.
You were not hungry.

You visited 1 branch of the dungeon, and saw 8 of its levels.
You also visited: Sewer.

You collected 590 gold pieces.

Inventory:

Jewellery
 k - an uncursed ring of protection from cold
 l - a +4 amulet of reflection
 m - an amulet of magic regeneration (around neck)
 r - a +2 ring of evasion (left paw)
 C - a ring of ice (right paw)
Wands
 d - a wand of lightning (0/15)
Scrolls
 c - 5 scrolls of magic mapping
 f - 3 scrolls of random uselessness {unknown}
 i - 6 scrolls of teleportation
 j - 4 scrolls of fear {unknown}
 o - 2 scrolls of noise {unknown}
 p - a scroll of recharging {unknown}
 q - 3 scrolls of fog {unknown}
 v - 2 scrolls of remove curse {unknown}
 w - 2 scrolls of enchant armour {unknown}
 y - a scroll of blinking {unknown}
 A - 3 scrolls of amnesia {unknown}
Potions
 e - 2 potions of magic
 g - 2 potions of haste
 h - a potion of brilliance
 s - a potion of ambrosia
 t - 5 potions of might
 u - 3 potions of agility
 x - 4 potions of flight
Books
 a - a book of Frost

   Spells                             Type                      Level
   a - Freeze                         Ice                          1
   b - Throw Frost                    Conjuration/Ice              2
   c - Ozocubu's Armour               Charms/Ice                   3
   d - Throw Icicle                   Conjuration/Ice              4
   e - Summon Ice Beast               Ice/Summoning                4
 z - a Young Poisoner's Handbook

   Spells                             Type                      Level
   a - Sting                          Conjuration/Poison           1
   b - Mephitic Cloud                 Conjuration/Poison/Air       3
   c - Olgreb's Toxic Radiance        Poison                       4
   d - Alistair's Intoxication        Transmutation/Poison         5
   e - Venom Bolt                     Conjuration/Poison           5
 B - a book of Changes

   Spells                             Type                      Level
   a - Beastly Appendage              Transmutation                1
   b - Sticks to Snakes               Transmutation                2
   c - Spider Form                    Transmutation/Poison         3
   d - Ice Form                       Ice/Transmutation            4
   e - Blade Hands                    Transmutation                5
 D - a book of Cantrips

   Spells                             Type                      Level
   a - Confusing Touch                Hexes                        1
   b - Animate Skeleton               Necromancy                   1
   c - Summon Small Mammal            Summoning                    1
   d - Apportation                    Translocation                1
 E - a book of Conjurations

   Spells                             Type                      Level
   a - Magic Dart                     Conjuration                  1
   b - Searing Ray                    Conjuration                  2
   c - Dazzling Spray                 Conjuration/Hexes            3
   d - Fulminant Prism                Conjuration/Hexes            4
   e - Iskenderun's Mystic Blast      Conjuration                  4
   f - Iskenderun's Battlesphere      Conjuration/Charms           5
Comestibles
 b - 2 meat rations
 n - a beef jerky


   Skills:
 - Level 1.0 Fighting
 + Level 4.3 Dodging
 - Level 5.0 Stealth
 + Level 5.2 Spellcasting
 + Level 3.3 Conjurations
 + Level 4.8 Hexes
 - Level 1.0 Charms
 - Level 4.0 Summonings
 - Level 8.0 Ice Magic


You couldn't memorise any spells.
You knew the following spells:

 Your Spells              Type           Power        Failure   Level  Hunger
a - Throw Icicle          Conj/Ice       #####...     12%         4    ####...
b - Summon Ice Beast      Ice/Summ       #####...     12%         4    ####...
e - Freeze                Ice            ####         1%          1    None
o - Ozocubu's Armour      Chrm/Ice       ####....     8%          3    ##.....
t - Throw Frost           Conj/Ice       #####.       1%          2    #......
z - Dazzling Spray        Conj/Hex       ###...       10%         3    ##.....


Dungeon Overview and Level Annotations

Branches:
Dungeon (8/15)             Temple (0/1) D:7
   Lair: D:8-11

Altars:
Ashenzari
Cheibriados
Dithmenos
Elyvilon
Hepliaklqana
Kikubaaqudgha
Uskayaw
Vehumet
Xom
Zin

Annotations:
D:7 Pikel
D:8 Grum


Innate Abilities, Weirdness & Mutations

You cannot wear armour.
You are incapable of wielding weapons or throwing items.
Your paws allow you to move quietly. (Stealth)
You have sharp claws.
You have razor-sharp teeth.
You have supernaturally acute eyesight. (SInv)
You are carnivorous and can eat meat at any time.
You cover ground quickly.
You are covered in thick fur. (AC +2)
You have a slow metabolism.
Your sharp claws are effective at attacking unaware monsters.
You tend to lose your temper in combat.
You are frail. (-10% HP)
Your muscles are strong. (Str +2)


Message History

Confirm with . or Enter, or press ? or * to list all spells.
You feel a surge of power! A chill wind blows around you.
Your ice beast hits the phantom.
Your ice beast freezes the phantom.
The phantom resists.
The phantom blinks!
The orc warrior closely misses you.
Your ice beast hits the orc warrior but does no damage.
The orc warrior hits you from afar with a glaive.
Your ice beast hits the orc warrior but does no damage.
Your ice beast barely misses the phantom.
The phantom hits your ice beast but does no damage.
Your ice beast hits the orc warrior but does no damage.
Your ice beast barely misses the phantom.
The orc warrior hits your ice beast with a glaive.
The phantom barely misses your ice beast.
Your ice beast barely misses the orc warrior.
Your ice beast barely misses the phantom.
The phantom barely misses your ice beast.
Your ice beast closely misses the phantom.
The orc warrior hits you from afar with a glaive!!
Ouch! That really hurt!
You die...

. ###### .# #..... ..
#...## #W ######...## #.
######.......... #.
#....#..........
#.####.#####....#........#.
..#
#......YoY@YW..........#.#.
.#.#
#######.####....######.....
.#.# .# #.##......# #.....
.#.# ..# #.##......# #.....
.#.# .... #.##.....##
####..... ...##...
#.##.....# #.....##. ..Yo.#
#.######## #.###.##. ..)o.#
..# #.# #.... ..Y..#.. ###
#######.#######


You could see a phantom, an orc warrior and 3 friendly ice beasts.

Vanquished Creatures
  Sigmund (D:3)
  A slave (D:7)
  An ogre (D:4)
  2 centaurs
  A necrophage (D:7)
  2 howler monkeys
  2 crimson imps (D:6)
  3 jellies
  2 orc priests
  3 hounds
  4 orc wizards
  A bullfrog skeleton (D:7)
  3 iguanas
  4 worker ants
  A hound zombie (D:5)
  A hound skeleton (D:4)
  A worker ant zombie (D:6)
  7 adders
  A howler monkey skeleton (D:6)
  A shadow imp (D:6)
  3 oozes (Sewer)
  An adder skeleton (D:4)
  4 worms
  2 dart slugs (D:1)
  3 leopard geckos
  12 orcs
  10 giant cockroaches
  4 hobgoblins
  10 jackals
  6 kobolds
  4 quokkas
  3 ball pythons
  16 bats
  8 frilled lizards
  A giant cockroach zombie (D:5)
  11 goblins
  A jackal skeleton (D:5)
  A quokka zombie (D:6)
  7 rats
149 creatures vanquished.

Vanquished Creatures (collateral kills)
  The ghost of bombpersons the Tormented, a novice DsNe of Kikubaaqudgha (D:8)
  The ghost of skk the Ruffian, a novice TrSk of Okawaru (D:5)
  Grinder (D:3)
  An ice beast (D:8)
  A sky beast (D:8)
  3 phantoms (D:8)
  2 centaurs (D:8)
  A bullfrog (D:8)
  3 howler monkeys (D:8)
  A jelly (D:8)
  An orc priest (D:5)
  2 hounds (D:8)
  2 orc wizards
  An iguana (D:8)
  4 gnolls (D:5)
  4 orcs
  A kobold (D:3)
30 creatures vanquished.

Grand Total: 179 creatures vanquished

Notes
Turn   | Place    | Note
-------+----------+-------------------------------------------
     0 | D:1      | dracos369 the Felid Ice Elementalist began the quest for the Orb.
     0 | D:1      | Reached XP level 1. HP: 7/7 MP: 4/4
    35 | D:1      | Reached skill level 3 in Ice Magic
   160 | D:1      | Found a shimmering altar of Xom.
   305 | D:1      | Reached XP level 2. HP: 11/11 MP: 1/6
   955 | D:2      | Reached XP level 3. HP: 14/14 MP: 4/7
  1246 | D:2      | Learned a level 2 spell: Throw Frost
  1250 | D:2      | Learned a level 3 spell: Ozocubu's Armour
  1261 | D:2      | Reached skill level 4 in Ice Magic
  1665 | D:2      | Found a hazy altar of Hepliaklqana.
  1821 | D:3      | Reached XP level 4. HP: 13/18 MP: 6/8
  2034 | D:3      | Noticed Sigmund
  2262 | D:4      | Noticed an ogre
  2292 | D:4      | Killed an ogre
  2292 | D:4      | Reached skill level 5 in Ice Magic
  2292 | D:4      | Reached XP level 5. HP: 21/21 MP: 0/9
  2548 | D:5      | Entered Level 5 of the Dungeon
  2714 | D:5      | Noticed skk's ghost (novice TrSk)
  2719 | D:5      | Reached skill level 6 in Ice Magic
  2729 | D:4      | Gained mutation: You are covered in thick fur. (AC +2) [Felid growth]
  2729 | D:4      | Reached XP level 6. HP: 19/24 MP: 2/10
  2984 | D:6      | Found a glowing silver altar of Zin.
  3047 | D:6      | Found a glowing drain.
  3131 | Sewer    | Entered a sewer
  3635 | Sewer    | Reached skill level 1 in Fighting
  3870 | D:6      | Reached XP level 7. HP: 23/28 MP: 8/11
  3876 | D:6      | Learned a level 4 spell: Summon Ice Beast
  4530 | D:7      | Found a staircase to the Ecumenical Temple.
  4549 | D:7      | Reached skill level 1 in Summonings
  4549 | D:7      | Reached skill level 7 in Ice Magic
  4800 | D:7      | Found a snail-covered altar of Cheibriados.
  5396 | D:7      | Noticed Pikel
  5532 | D:3      | HP: 1/28 [Sigmund/magic dart (9)]
  5861 | D:3      | Killed Sigmund
  5861 | D:3      | Reached XP level 8. HP: 32/32 MP: 0/13
  6028 | D:3      | Noticed Grinder
  6059 | D:3      | Killed Grinder
  6155 | D:3      | Learned a level 3 spell: Dazzling Spray
  6651 | D:5      | Found a shimmering altar of Xom.
  6651 | D:5      | Found a shadowy altar of Dithmenos.
  6651 | D:5      | Found a radiant altar of Vehumet.
  6652 | D:5      | Found a shattered altar of Ashenzari.
  6694 | D:5      | Gained mutation: You are frail. (-10% HP) [potion of mutation]
  6694 | D:5      | Gained mutation: You tend to lose your temper in combat. [potion of mutation]
  6694 | D:5      | Gained mutation: Your muscles are strong. (Str +2) [potion of mutation]
  6752 | D:5      | Killed skk's ghost
  6752 | D:5      | Reached skill level 8 in Ice Magic
  6803 | D:5      | Reached skill level 1 in Conjurations
  7109 | D:5      | Reached skill level 1 in Hexes
  7135 | D:5      | Found a hide-covered altar of Uskayaw.
  7135 | D:5      | Found a white marble altar of Elyvilon.
  7136 | D:5      | Found an ancient bone altar of Kikubaaqudgha.
  7141 | D:5      | Reached skill level 1 in Charms
  7401 | D:8      | Noticed Grum
  7409 | D:8      | Slain by Grum
  7410 | D:8      | Reached XP level 7. HP: -2/25 MP: 5/14
  7623 | D:8      | Reached XP level 8. HP: 12/28 MP: 4/16
  7795 | D:8      | Reached skill level 5 in Stealth
  7795 | D:8      | Reached skill level 5 in Spellcasting
  7804 | D:8      | Learned a level 4 spell: Throw Icicle
  7825 | D:8      | Noticed bombpersons's ghost (novice DsNe)
  7841 | D:8      | Killed bombpersons's ghost
  8270 | D:8      | Killed from afar by an orc priest
  8271 | D:8      | Reached XP level 7. HP: -6/37 MP: 4/15
  8321 | D:8      | Mangled by an orc warrior

Skill      XL: |  1  2  3  4  5  6  7  8 |
---------------+-------------------------+-----
Ice Magic      | 3 4 5 6 7 8 |  8.0
Dodging        | 4 |  4.3
Fighting       | 1 |  1.0
Stealth        | 3 4 5 |  5.0
Summonings     | 3 4 |  4.0
Spellcasting   | 5 |  5.2
Conjurations   | 2 3 |  3.3
Hexes          | 2 4 |  4.8
Charms         | 1 |  1.0

Action                   |  1- 3 |  4- 6 |  7- 9 || total
-------------------------+-------+-------+-------++-------
Melee: Unarmed           |    21 |    88 |   177 ||   286
       Bite              |       |     3 |    12 ||    15
 Cast: Freeze            |    39 |    72 |    84 ||   195
       Throw Frost       |       |    27 |    30 ||    57
       Ozocubu's Armour  |       |    11 |    10 ||    21
       Summon Ice Beast  |       |       |    32 ||    32
       Dazzling Spray    |       |       |     3 ||     3
       Throw Icicle      |       |       |     3 ||     3
Evoke: Wand              |       |       |    15 ||    15
  Use: Scroll            |       |     6 |     6 ||    12
       Potion            |       |     2 |     5 ||     7
 Stab: Sleeping          |    10 |    10 |     9 ||    29
       Distracted        |       |       |     1 ||     1
  Eat: Chunk             |     9 |     9 |    22 ||    40
Armor: Skin              |     3 |     9 |    34 ||    46
Dodge: Dodged            |    34 |   145 |   228 ||   407
Block: Other             |       |       |    12 ||    12
